[Event "DFMM-LV 2023"]
[Site "Braunfels"]
[Date "2023.06.09"]
[Round "3.44"]
[White "Dietrich, Mareike"]
[Black "Prinzen, Siri Marleen"]
[Result "1/2-1/2"]
[Annotator "NA RC COMBH"]
[ECO "B12"]
[WhiteElo "1771"]
[BlackElo "1724"]
[PlyCount "63"]
[EventDate "2023.06.09"]
[EventType "team-tourn"]
[EventCountry "GER"]
[SourceTitle "playchess.com"]
[Source "ChessBase"]
[SourceQuality "1"]
[TimeControl "40/5400+30:1800+30"]

1. e4 c6 2. d4 d5 3. e5 c5 4. dxc5 e6 5. a3 Nc6 6. Nf3 Bxc5 7. b4 Bb6 8. Bb2 Nge7 9. Bd3 Bc7 10. Qe2 Ng6 11. g3 Bd7 12. O-O Qb8 13. Re1 a6 14. c4 dxc4 15. Bxc4 b5 16. Bd3 Nce7 17. Nc3 Bc6 18. Nd1 Qb7 19. Nd2 Rd8 20. Ne4 Nd5 21. Rc1 O-O 22. Nc5 Qa8 23. Qc2 Nde7 24. h4 Rfe8 25. h5 Nf8 26. Nc3 Bb6 27. N3e4 Bxc5 28. Nxc5 h6 29. Ne4 Nf5 30. Bf1 Rc8 31. Qe2 Bxe4 32. Qxe4 1/2-1/2

[Event "DFMM-LV 2023"]
[Site "Braunfels"]
[Date "2023.06.09"]
[Round "3.45"]
[White "Stark, Amalia"]
[Black "Kohl, Natalie"]
[Result "1-0"]
[Annotator "NA RC COMBH"]
[ECO "B90"]
[WhiteElo "1499"]
[BlackElo "1504"]
[PlyCount "73"]
[EventDate "2023.06.09"]
[EventType "team-tourn"]
[EventCountry "GER"]
[SourceTitle "playchess.com"]
[Source "ChessBase"]
[SourceQuality "1"]
[TimeControl "40/5400+30:1800+30"]

1. e4 c5 2. Nf3 d6 3. d4 cxd4 4. Nxd4 Nf6 5. Nc3 a6 6. a4 e5 7. Nf3 Nc6 8. h3 Be7 9. Bc4 O-O 10. Be3 h6 11. Qd2 Na5 12. Ba2 b5 13. Qe2 Bd7 14. Nd5 Nc4 15. Bxc4 bxc4 16. Bb6 Qe8 17. Nc7 Qb8 18. Nxa8 Qxa8 19. Nd2 d5 20. O-O Qb7 21. a5 Bb5 22. c3 Rc8 23. Qe3 dxe4 24. Rfe1 Nd5 25. Qxe4 Bd6 26. Qg4 Bd7 27. Qf3 f5 28. Rad1 e4 29. Nxe4 fxe4 30. Qxe4 Re8 31. Qxd5+ Qxd5 32. Rxe8+ Bxe8 33. Rxd5 Be7 34. Bd8 Bc6 35. Rd4 Bf6 36. Bxf6 gxf6 37. Rxc4 1-0

[Event "DFMM-LV 2023"]
[Site "Braunfels"]
[Date "2023.06.09"]
[Round "3.46"]
[White "Loos, Tilda"]
[Black "Alferova, Emily"]
[Result "1/2-1/2"]
[Annotator "NA RC COMBH"]
[ECO "C54"]
[WhiteElo "1401"]
[BlackElo "1612"]
[PlyCount "38"]
[EventDate "2023.06.09"]
[EventType "team-tourn"]
[EventCountry "GER"]
[SourceTitle "playchess.com"]
[Source "ChessBase"]
[SourceQuality "1"]
[TimeControl "40/5400+30:1800+30"]

1. e4 e5 2. Nf3 Nc6 3. Bc4 Bc5 4. c3 Nf6 5. d4 exd4 6. cxd4 Bb4+ 7. Bd2 Nxe4 8. Bxb4 Nxb4 9. Bxf7+ Kxf7 10. Qb3+ d5 11. Qxb4 Re8 12. O-O c6 13. Nc3 Nxc3 14. Qxc3 Bf5 15. Ne5+ Kg8 16. Qf3 Qf6 17. Rfe1 Be4 18. Qxf6 gxf6 19. Ng4 Kf7 1/2-1/2

[Event "DFMM-LV 2023"]
[Site "Braunfels"]
[Date "2023.06.10"]
[Round "4.1"]
[White "Agrest, Inna"]
[Black "Koehler, Inken"]
[Result "1-0"]
[Annotator "TA"]
[ECO "B32"]
[WhiteElo "2287"]
[BlackElo "2008"]
[PlyCount "99"]
[EventDate "2023.06.09"]
[EventType "team-tourn"]
[EventCountry "GER"]
[SourceTitle "playchess.com"]
[Source "ChessBase"]
[SourceQuality "1"]
[TimeControl "40/5400+30:1800+30"]

1. e4 c5 2. Nf3 Nc6 3. d4 cxd4 4. Nxd4 e5 5. Nb5 a6 6. Nd6+ Bxd6 7. Qxd6 Qf6 8. Qd2 Nge7 9. Nc3 O-O {[%emt 0:08:53] B32: Sicilian: Löwenthal and Kalashnikov Variations.} 10. b3 b5 11. Bb2 Nd4 {[%emt 0:09:24] White is slightly better.} 12. Bd3 Bb7 13. O-O-O {[%emt 0:07:18] [#]} Rac8 $146 ({Predecessor:} 13... Rfc8 14. Kb1 Rc7 15. Rhf1 Rac8 16. f4 Qh6 17. Nd5 Nxd5 18. exd5 Nxc2 19. Rc1 Nd4 20. Rxc7 Rxc7 {1-0 McClymont,B (2389)-Mikalsen,E (2361) Melbourne Australasian GM 2019 (4)}) 14. Kb1 Ng6 ({Better is} 14... Ne6 $14) 15. g3 Qf3 16. Rhe1 Rfd8 17. Re3 Qf6 {[%emt 0:04:16] [#]} (17... Qh5 $16) 18. f4 (18. Nd5 $1 $18 {[%mdl 512] and White stays clearly on top.} Bxd5 (18... Qg5 19. f4) 19. exd5) 18... Qb6 (18... exf4 $16 {was necessary.} 19. gxf4 Qxf4) 19. Nd5 $18 Bxd5 (19... Qd6 $142 20. fxe5 Qc5) 20. exd5 d6 21. c3 exf4 22. gxf4 Nxf4 23. cxd4 Nxd3 24. Qxd3 Qb7 25. Rh3 h6 (25... g6 26. Qe3 Re8) 26. Rg1 Kh8 {[%emt 0:02:51] [#]} 27. Rxh6+ $2 gxh6 $15 28. Qh3 (28. Qd2 $11 f6 29. Qf4 Qh7+ 30. Ka1) 28... f6 $17 29. Ka1 Qh7 {[%emt 0:01:02] And now ...Rg8 would win.} (29... Qxd5 $2 30. Qxh6#) 30. Qe6 Rf8 31. Qxd6 Qc7 {[%emt 0:01:40][%mdl 64] Deflection} 32. Qe6 {[%emt 0:02:42] Threatens to win with d6.} Qxh2 33. Qe1 Rc2 (33... Rc7 $1 $17 {[%cal Oc7e7] Strongly threatening ...Re7!} 34. Rh1 Qf4) 34. Rh1 $11 Qf4 {[%emt 0:01:45] aiming for ...Rh2.} (34... Re2 $2 35. Qc1 Rxb2 36. Rxh2 Rxh2 37. d6 $18) (34... Qg2 {with more complications.} 35. Rxh6+ Kg7 36. Rh1 Re8) 35. d6 $1 Rxb2 36. Kxb2 Qxd4+ (36... Qxd6 $2 37. Qe3 Kg8 38. Rxh6 $18 (38. Qxh6 Qxd4+ 39. Ka3 Qc5+ 40. Kb2 Qe5+ 41. Ka3 b4+ {[%mdl 64] Decoy} 42. Kxb4 Rb8+ 43. Ka3 Qd6+ 44. Kb2 Qe5+ 45. Kb1 Qe4+ 46. Kc1 Rc8+ 47. Kb2 Qe5+ 48. Kb1 Qe4+ 49. Kb2 Qe5+ 50. Kb1 Qe4+ 51. Kb2 $11)) 37. Qc3 Qxc3+ (37... Qxd6 $11 {and Black is okay.} 38. Qe3 Qe5+ 39. Qxe5 fxe5) 38. Kxc3 {[%emt 0:00:04][%mdl 4096] Endgame KR-KR} Rd8 $2 (38... Kg7) 39. Rd1 $18 ({Inferior is} 39. Rxh6+ Kg7 40. Rh1 Rxd6 41. Rg1+ Kf7 $17) 39... Kg7 {[%emt 0:01:10] [#]} 40. Kb4 $1 Kf7 {[%emt 0:01:14] [#]} 41. Kc5 $1 Ke6 42. Re1+ Kd7 {[%emt 0:04:49] ...Rc8+ is the strong threat.} 43. Re7+ Kc8 44. Kc6 {[%emt 0:00:00] White mates.} Rg8 45. Ra7 Kb8 46. Rxa6 Rc8+ 47. Kd7 Rc2 48. Rb6+ Ka7 49. Rc6 Rg2 50. Kc7 {[%emt 0:00:00] A cool game by Agrest.   Weighted Error Value: White=0.26 (precise) /Black=0.53} 1-0

[Event "DFMM-LV 2023"]
[Site "Braunfels"]
[Date "2023.06.10"]
[Round "4.2"]
[White "Kopylov, Luba"]
[Black "Voicu-Jagodzinsky, Carmen"]
[Result "1/2-1/2"]
[Annotator "TA"]
[ECO "D02"]
[WhiteElo "1993"]
[BlackElo "2297"]
[PlyCount "44"]
[EventDate "2023.06.09"]
[EventType "team-tourn"]
[EventCountry "GER"]
[SourceTitle "playchess.com"]
[Source "ChessBase"]
[SourceQuality "1"]
[TimeControl "40/5400+30:1800+30"]

1. d4 Nf6 2. Nf3 e6 3. g3 d5 4. Bg2 Be7 5. O-O O-O 6. Nbd2 c5 7. c3 Nc6 8. dxc5 Bxc5 9. Nb3 {[%emt 0:00:28] D02: 1 d4 d5 2 Nf3 sidelines, including 2...Nf6 3 g3 and 2...Nf6 3 Bf4.} Be7 10. Nbd4 {[%emt 0:10:02] [#]} h6 $146 ({Predecessor:} 10... Nxd4 11. Nxd4 e5 12. Nf3 Qc7 13. Qc2 h6 14. b3 Bc5 15. Bb2 e4 16. Ne1 Bf5 17. e3 Be7 {1-0 Horvat,D (2181)-Bender,I (2224) Zagreb Damjanovic Memorial 3rd 2019 (4)}) 11. h3 Re8 12. Nxc6 bxc6 13. Ne5 Qc7 14. f4 c5 15. g4 Ne4 ({Black should try} 15... Bb7 $17) 16. Bxe4 dxe4 17. Qa4 Bb7 18. Be3 Red8 (18... f6 $1 $15 19. Nc4 a5) 19. Rad1 $1 $11 Rd5 (19... f6 $5 20. Nc4 Bc6 $11) 20. c4 $1 {[%emt 0:04:02] The position is equal.} Rxd1 21. Rxd1 {[%emt 0:00:10] [#] aiming for Rd7.} Bd6 $1 22. Qd7 Bxe5 {[%emt 0:07:08] Weighted Error Value: White=0.16 (very precise) /Black=0.21 (precise)} 1/2-1/2

[Event "DFMM-LV 2023"]
[Site "Braunfels"]
[Date "2023.06.10"]
[Round "4.3"]
[White "Zozulia, Anna"]
[Black "Braeutigam, Katerina"]
[Result "1/2-1/2"]
[Annotator "TA"]
[ECO "C07"]
[WhiteElo "2236"]
[BlackElo "1957"]
[PlyCount "68"]
[EventDate "2023.06.09"]
[EventType "team-tourn"]
[EventCountry "GER"]
[SourceTitle "playchess.com"]
[Source "ChessBase"]
[SourceQuality "1"]
[TimeControl "40/5400+30:1800+30"]

1. e4 e6 2. d4 d5 3. Nd2 c5 4. Ngf3 Nc6 5. exd5 Qxd5 6. Bc4 Qd8 7. Nb3 cxd4 8. Nbxd4 Nxd4 9. Qxd4 Qxd4 10. Nxd4 a6 11. Bf4 b5 12. Be2 Bb7 13. O-O Nf6 14. c3 {[%emt 0:08:35] C07: French Tarrasch: 3...c5, 4 Ngf3 and 4 exd5 Qxd5.} Nd5 15. Bg3 Nb6 {[%emt 0:10:25] [#]} 16. Bh5 $146 ({Predecessor:} 16. Rfe1 O-O-O 17. Nf3 Bd6 18. Ng5 Bxg3 19. fxg3 Rd5 20. Nxf7 Rf8 21. Rf1 Kc7 22. Bf3 Rxf7 23. Bxd5 Rxf1+ 24. Rxf1 Bxd5 {1-0 Schmandt,G (2079)-Haeberle,A (1849) GER-ch49 V1 email 2008}) 16... g6 17. Be5 Rg8 18. Be2 Na4 19. c4 bxc4 20. Bxc4 {[%emt 0:00:07][%cal Od4e6] [#] Black must now prevent Nxe6!} (20. Rfc1 $5 ) 20... Nxb2 21. Be2 {[%emt 0:04:08] Threatens to win with Rfb1.} Na4 22. Rfc1 Nc5 23. Rab1 {[%emt 0:00:14][%cal Oc1c5] Hoping for Rxc5!} Be4 24. Rb8+ Rxb8 25. Bxb8 Kd7 26. Ba7 Nd3 27. Rd1 Nb4 28. a3 Nc6 (28... Nd5 $5 29. Bxa6 (29. f3 Nc3 $15) 29... Bxa3 $15) 29. Nxc6+ {[%emt 0:01:32] The position is equal.} Kxc6 30. Rd8 Kc7 31. Rb8 Bb7 32. Re8 Kd7 33. Rb8 Kc7 34. Re8 Kd7 {[%emt 0:00:32] Not much happened in this game.   Weighted Error Value: White=0.08 (flawless) /Black=0.06 (flawless)} 1/2-1/2

[Event "DFMM-LV 2023"]
[Site "Braunfels"]
[Date "2023.06.10"]
[Round "4.4"]
[White "Braeutigam, Irina"]
[Black "Cosma, Elena-Luminita"]
[Result "0-1"]
[Annotator "TA"]
[ECO "D02"]
[WhiteElo "2007"]
[BlackElo "2222"]
[PlyCount "100"]
[EventDate "2023.06.09"]
[EventType "team-tourn"]
[EventCountry "GER"]
[SourceTitle "playchess.com"]
[Source "ChessBase"]
[SourceQuality "1"]
[TimeControl "40/5400+30:1800+30"]

1. d4 d5 2. Bf4 e6 3. e3 Bd6 4. Bg3 Nf6 5. Bd3 c5 6. c3 Nc6 7. Nf3 O-O 8. Nbd2 b6 9. e4 {[%emt 0:13:04] Black must now prevent e5. D02: 1 d4 d5 2 Nf3 sidelines, including 2...Nf6 3 g3 and 2...Nf6 3 Bf4.} Be7 $1 {[%emt 0:01:16] 9...Be7 is better than 9...dxe4.} 10. e5 Nh5 11. Qe2 {[%emt 0:05:50] Black has an edge.} g6 {[%emt 0:03:46] [#]} 12. Rd1 $146 ({Predecessor:} 12. O-O) 12... c4 13. Bc2 b5 14. b3 $2 (14. a3 $11) 14... Bd7 (14... b4 $19 15. bxc4 bxc3) 15. O-O a5 16. a4 (16. Qe3 $11) 16... cxb3 $15 17. Nxb3 ({Don't play} 17. Bxb3 bxa4 18. Bc2 a3) 17... bxa4 18. Nc5 Nxg3 19. hxg3 Bxc5 20. dxc5 Qe7 21. Qe3 Rfc8 22. Ra1 {[%emt 0:02:01] [#]} (22. Nh2 $1 $11) 22... Nb8 $1 $17 23. Bxa4 Qxc5 24. Qh6 {[%emt 0:01:22] Ng5 would kill now.} Qf8 (24... Qxc3 {is a self mate.} 25. Ng5) 25. Qe3 Rc4 ({Better is} 25... Bxa4 $19 26. Rxa4 Nd7) 26. Bxd7 (26. Bb3 $17 Re4 27. Qd2) 26... Nxd7 $19 27. Nd2 Rc7 28. Ra4 (28. c4 {might work better.}) 28... Rac8 (28... Qc5 $19 {...Qxe3 would be deadly.} 29. Qxc5 Nxc5) 29. Rxa5 (29. c4 $17 {keeps fighting.}) 29... Rxc3 30. Qd4 Qg7 31. Re1 Rc1 32. Ra1 Rxa1 (32... Qxe5 $2 33. Qxe5 Nxe5 34. Raxc1 $18) 33. Qxa1 Qf8 34. Qa7 Nc5 $36 {[%emt 0:02:34][%mdl 2048] Black is on the roll.} 35. Rc1 (35. Ra1 $17) 35... Nd3 {[%emt 0:03:24][%csl LRc1,LRe5][%mdl 64] [#] Discovered Attack} 36. Rxc8 Qxc8 {[%emt 0:00:06][%mdl 4096] Endgame KQN-KQN} 37. Qd4 Qc1+ 38. Nf1 Qc4 39. Qb6 Kg7 ({Less strong is} 39... Nxe5 40. Qb8+ Kg7 41. Qxe5+ Kg8 42. Qb8+ Kg7 43. Qb2+ Kg8 44. Nh2 $16) 40. Ne3 (40. Qe3 {was worth a try.}) 40... Qc1+ 41. Nf1 Nxe5 42. Qd4 f6 43. f4 (43. Qa7+ {was necessary.} Nf7 44. Qd7) 43... Nf7 44. Kf2 Qc2+ 45. Kf3 Qb3+ 46. Ne3 h5 47. g4 (47. Kf2 $142) 47... hxg4+ 48. Kxg4 (48. Ke2 $19 Qa2+ 49. Kd3) 48... Nh6+ {[%emt 0:00:00] Black mates.} 49. Kf3 Nf5 50. Qa7+ Kh6 {[%emt 0:00:00] Weighted Error Value: White=0.55/Black=0.23 (precise)} 0-1

[Event "DFMM-LV 2023"]
[Site "Braunfels"]
[Date "2023.06.10"]
[Round "4.5"]
[White "Hess, Olena"]
[Black "Gressmann, Hanna"]
[Result "1/2-1/2"]
[Annotator "TA"]
[ECO "D78"]
[WhiteElo "2078"]
[BlackElo "1933"]
[PlyCount "27"]
[EventDate "2023.06.09"]
[EventType "team-tourn"]
[EventCountry "GER"]
[SourceTitle "playchess.com"]
[Source "ChessBase"]
[SourceQuality "1"]
[TimeControl "40/5400+30:1800+30"]

1. Nf3 d5 2. d4 Nf6 3. c4 c6 4. g3 g6 5. b3 Bg7 6. Bg2 O-O 7. Bb2 Bf5 8. O-O a5 {[%emt 0:07:39] D78: Fianchetto Grünfeld: 6 0-0 c6.} 9. a4 Na6 10. Nbd2 Ne4 {[%emt 0:07:46] [#]} 11. Nh4 $146 ({Predecessor:} 11. e3 Nb4 12. Nxe4 Bxe4 13. Ne5 Bc2 14. Qf3 Bxb3 15. cxd5 cxd5 16. Bc3 e6 17. Rfb1 Bc2 18. Bxb4 axb4 19. Rxb4 Qd6 20. Rb2 Bxa4 21. Rxb7 Bxe5 22. dxe5 Qxe5 23. Rc1 Rab8 24. Rxb8 Rxb8 {0-1 Bombardiere Castro,A-Gonzalez Garcia,J (2449) Internet Section 09B g/8'+2" blitz 2004 (2)}) 11... Nxd2 12. Qxd2 Be6 13. c5 b6 14. cxb6 {[%emt 0:07:37] An uneventful encounter.   Weighted Error Value: White=0.15 (very precise) /Black=0.07 (flawless)} 1/2-1/2

[Event "DFMM-LV 2023"]
[Site "Braunfels"]
[Date "2023.06.10"]
[Round "4.6"]
[White "Rosmait, Emily"]
[Black "Trunz, Michelle"]
[Result "0-1"]
[Annotator "TA"]
[ECO "B52"]
[WhiteElo "1862"]
[BlackElo "2010"]
[PlyCount "64"]
[EventDate "2023.06.09"]
[EventType "team-tourn"]
[EventCountry "GER"]
[SourceTitle "playchess.com"]
[Source "ChessBase"]
[SourceQuality "1"]
[TimeControl "40/5400+30:1800+30"]

1. e4 c5 2. Nf3 d6 3. Bb5+ Bd7 4. Bxd7+ Nxd7 5. c4 Ngf6 6. Nc3 e6 7. O-O Be7 8. b3 O-O 9. d4 cxd4 10. Nxd4 a6 11. Be3 Rc8 {[%emt 0:01:11][%cal Ob7b5] B52: Sicilian: Moscow Variation with 3...Bd7.} 12. Rc1 Qa5 13. Qd2 Qh5 {[%emt 0:01:06] Dodges Nd5. The position is equal.} 14. f3 {[%emt 0:02:48] [#]} d5 $146 (14... h6 $11) ({Predecessor:} 14... Rfd8 15. g4 Qa5 16. g5 Ne8 17. Nd5 Qxd2 18. Nxe7+ Kf8 19. Bxd2 Kxe7 20. f4 Nc5 {0-1 Ionescu,I (2260)-Caravan,M (2170) ROM-ch op (Women) 1997}) 15. cxd5 $16 exd5 (15... Ba3 $16) 16. Nf5 (16. g4 $18 Qg6 17. Nxd5 (17. exd5 Rfe8 $16) 17... Nxd5 18. Nf5 (18. exd5 Rxc1 19. Qxc1 Qf6 $16)) 16... Ba3 {[%emt 0:05:08] [#]} 17. Rc2 ({White should play} 17. g4 $1 $16 Qh3 18. Bd4) 17... dxe4 $11 18. Ng3 Qa5 {[%emt 0:02:37] White must now prevent ...exf3.} 19. Ncxe4 Bb4 $36 {[%emt 0:01:45][%mdl 2048] Black is pushing.} 20. Qf2 Nd5 21. Bd4 Nf4 {[%emt 0:01:43][%cal Ob4e1] Threatens to win with ...Be1!} 22. Rxc8 Rxc8 23. Bxg7 $2 {[%emt 0:07:48][%mdl 8192] This move loses the game for White.} Kxg7 $19 24. Qd4+ Ne5 25. Nf5+ Kf8 26. Kh1 {[%emt 0:00:18] [#]} Rd8 $1 27. Ned6 $2 (27. Qa1) 27... Ne6 {[%emt 0:02:48][%mdl 64] Deflection. Black is clearly winning.} 28. Qh4 {[%emt 0:03:46][%cal Oh4h7] White threatens Qxh7! and mate.} Bxd6 29. Qxh7 Ng6 (29... Qxa2 $2 30. Qh8#) 30. Nh6 Ng5 (30... Qxa2 $2 31. Qxf7#) 31. Qg8+ Ke7 32. Qg7 Qe5 {[%emt 0:03:43] Weighted Error Value: White=0.75/Black=0.16 (very precise)} 0-1

[Event "DFMM-LV 2023"]
[Site "Braunfels"]
[Date "2023.06.10"]
[Round "4.7"]
[White "Trunz, Elena"]
[Black "Freter, Anke"]
[Result "1-0"]
[Annotator "TA"]
[ECO "B23"]
[WhiteElo "2122"]
[BlackElo "1855"]
[PlyCount "79"]
[EventDate "2023.06.09"]
[EventType "team-tourn"]
[EventCountry "GER"]
[SourceTitle "playchess.com"]
[Source "ChessBase"]
[SourceQuality "1"]
[TimeControl "40/5400+30:1800+30"]

1. e4 c5 2. Nc3 Nc6 3. Bb5 a6 4. Bxc6 bxc6 5. d3 d6 6. f4 {[%emt 0:02:12] B23: Closed Sicilian: Lines without g3.} e6 7. Nf3 g6 (7... Nh6 $142) 8. O-O $16 {[%emt 0:00:26] White is clearly better.} Bg7 {[%emt 0:00:21] [#]} 9. Na4 $146 ({Predecessor:} 9. Qe1 d5 10. Qg3 Nf6 11. Qh3 Qb6 12. Kh1 h5 13. Rb1 Ng4 14. Na4 Qa7 15. c3 dxe4 16. dxe4 {1-0 Swayams,M (2440)-Kambrath,Y (2312) Paris-ch 92nd 2017 (7)}) 9... Ne7 10. Rb1 O-O 11. b3 f5 (11... f6 $16) 12. c4 Qc7 (12... Bd4+ $16 13. Nxd4 cxd4) 13. Qe1 Bd7 (13... g5 {keeps fighting.}) 14. e5 $18 Rad8 15. Be3 {[%emt 0:08:41] [#] Strongly threatening exd6.} ({Much less strong is} 15. Qh4 Nc8 16. Be3 Qb8 $18) 15... Bc8 16. exd6 Rxd6 17. Nxc5 Kh8 18. Qh4 Bf6 19. Qf2 Rfd8 20. b4 Ng8 21. a4 Bg7 22. h3 Nf6 23. Ne5 Nh5 24. g4 fxg4 (24... Nf6 {was necessary.} 25. Rbe1 Rf8) 25. hxg4 Nf6 26. Kg2 Nd7 27. Nf7+ {[%emt 0:01:03] Excellent horsemanship. Black is weak on the dark squares} Kg8 28. Nxd6 Qxd6 29. Rbd1 Nf6 30. Qg3 Qe7 31. d4 h5 32. gxh5 {[%emt 0:07:57] White is clearly winning.} Nxh5 (32... gxh5 $142 33. Qg5 Re8) 33. Qxg6 Nf6 34. Rh1 Rf8 35. Rh2 {[%emt 0:00:00] [#] Rdh1 would kill now.} Rf7 36. Rdh1 Kf8 37. Rh8+ Ng8 38. R8h7 e5 39. Qxc6 Qd8 40. dxe5 {[%emt 0:00:56] Black did not feel at home in the position after the opening. A cool game by Trunz.   Weighted Error Value: White=0.28 (precise) /Black=0.47} ({Inferior is} 40. Nxa6 Bb7 $15) 1-0

[Event "DFMM-LV 2023"]
[Site "Braunfels"]
[Date "2023.06.10"]
[Round "4.8"]
[White "Kopylov, Diana"]
[Black "Sereda, Yaroslava"]
[Result "0-1"]
[Annotator "TA"]
[ECO "D35"]
[WhiteElo "1390"]
[BlackElo "1913"]
[PlyCount "100"]
[EventDate "2023.06.09"]
[EventType "team-tourn"]
[EventCountry "GER"]
[SourceTitle "playchess.com"]
[Source "ChessBase"]
[SourceQuality "1"]
[TimeControl "40/5400+30:1800+30"]

1. d4 d5 2. c4 e6 3. cxd5 exd5 4. Nc3 Nf6 5. Bg5 Be7 6. e3 O-O 7. Bd3 h6 8. Bf4 c5 {[%emt 0:07:02][%cal Bc7c5,Bc5c4][%mdl 32] [#]} 9. Qc2 $146 {[%emt 0:04:28] D35: Queen's Gambit Declined: Exchange Variation.} (9. Nge2 $14) ({Predecessor:} 9. h3 Nc6 10. Nf3 cxd4 11. exd4 Bd6 12. Bxd6 Qxd6 13. O-O Re8 14. Qb3 Qb4 15. Nxd5 Nxd5 16. Qxd5 Qxb2 {1-0 Bluebaum,M (2660)-Motylev,A (2641) Titled Tuesday intern op 29th Sept blitz 2020 (4)}) 9... Nc6 $15 10. Nge2 (10. Nf3 $15) 10... c4 $19 {[%emt 0:16:54] White must now prevent ...Nb4.} 11. Bf5 {[%emt 0:08:10] [#] Black is clearly better.} Nb4 $1 12. Qb1 Bxf5 13. Qxf5 g6 14. Qb1 Nd3+ 15. Kf1 Kg7 {[%emt 0:07:53][%cal Ob7b5] Black is much more active. The white rooks are badly placed.} 16. b3 {[%emt 0:08:18] Prevents b5.} b5 17. h3 (17. Bg3 $142) 17... b4 18. Nd1 Rc8 19. f3 Qb6 20. g4 Ne8 21. Nf2 Nxf4 22. Nxf4 Qb5 (22... Nc7 $19 {...Bg5 would be deadly.} 23. h4 Bd6) 23. Kg2 (23. h4 $17) 23... Bg5 24. h4 Bf6 ({Black should play} 24... Bxf4 $17 25. exf4 c3) 25. h5 g5 26. Qf5 (26. bxc4 $11 {and White has nothing to worry.} Rxc4 27. Ne6+ fxe6 28. Qg6+ Kh8 29. Qxh6+ Kg8 30. Qg6+ Kh8 31. Qh6+ Kg8 32. Qg6+ Kh8 33. Qh6+) 26... Nd6 $2 (26... gxf4 $19 27. Qxc8 fxe3 28. bxc4 Qa4 29. cxd5 exf2) 27. Qxd5 (27. Ne6+ $1 $11 fxe6 28. Qg6+ Kh8 29. Qxh6+ Kg8 30. Qg6+ Kh8 31. Qh6+ Kg8 32. Qg6+ Kh8 33. Qh6+) 27... gxf4 $17 28. Qxd6 fxe3 ({Stronger than} 28... cxb3 29. axb3 (29. exf4 $2 Rfd8 $19 {[%mdl 64] Skewer}) 29... fxe3 30. Ne4 (30. Ra6 Bg5 $17) 30... Rc2+ 31. Kh3 $15) 29. Ne4 Rc6 {[%emt 0:00:37] Really sharp!} 30. Qf4 ({Wrong is} 30. a4 $2 bxa3 31. Qxa3 cxb3 $19) 30... Bxd4 31. Nd6 $2 {[%emt 0:00:49][%mdl 8192] White does not recover from this.} (31. bxc4 $17 {is more resistant.} Qxc4 32. Rhc1) 31... Rxd6 $1 $19 32. Qxd6 Bxa1 33. Rxa1 cxb3 {[%emt 0:00:34][%mdl 4096] Endgame KQR-KQR} 34. Qd4+ (34. axb3 $142 Qe2+ {[%mdl 64] Deflection} 35. Kh3 Qxf3+ 36. Qg3) 34... Kg8 35. Qxe3 b2 36. Rb1 Re8 37. Qxh6 Re2+ 38. Kh3 Qd5 (38... Qe5 $142 39. Rh1 b1=Q {[%mdl 64] Discovered Attack, Double Attack} 40. Qg5+ Kh7 41. Qf5+ Qexf5 42. gxf5 Qxh1+ 43. Kg4 Qg1+ 44. Kf4 Kh6 45. f6 Qg5#) 39. Qf6 Qd2 (39... Qxa2 {is a self mate.} 40. h6 Kf8 41. h7) 40. h6 Rh2+ {[%emt 0:00:24][%mdl 64] Skewer} 41. Kg3 Rxh6 42. Qxb2 Qd6+ 43. f4 Qd3+ {[%emt 0:00:16] Black mates.} 44. Kg2 Qe4+ 45. Kg3 Qe3+ {[%emt 0:00:34][%mdl 64] Deflection} 46. Kg2 Qxf4 47. Kg1 Qf3 48. Qg2 Qe3+ 49. Qf2 {[%emt 0:00:00] [#]} Rh1+ $3 {[%emt 0:00:15][%mdl 576] Skewer} 50. Kg2 (50. Kxh1 Qxf2) 50... Qh3# {[%emt 0:00:26] Ingenious play by Sereda!   Weighted Error Value: White=1.43/Black=0.37} 0-1